 Dungeon Sprint DCSS version 0.31-a0-18-gea43df2a32 (webtiles) character file.

Game seed: 12535258345455374248

1960 sircluck the Grappler (level 9, -2/151 HPs)
             Began as a Troll Berserker on May 10, 2023.
             Was a High Priest of Trog.
             Engulfed by a cloud of flame (9 damage)
             ... in the Dungeon (Sprint II: "The Violet Keep of Menkaure").
             The game lasted 00:04:46 (385 turns).

sircluck the Grappler (Troll Berserker)              Turns: 385, Time: 00:04:46

Health: -2/151     AC:  4    Str: 29    XL:     9   Next: 0%
Magic:  2/8        EV: 13    Int: 10    God:    Trog [*****.]
Gold:   40         SH:  0    Dex: 12    Spells: 8/8 levels left

rFire   . .          .
                       - Unarmed
rCold   . . .        (no shield)
rNeg    + . .        a - +0 animal skin
rPois   +            (helmet restricted)
rElec   .            (no cloak)
rCorr   .            (gloves unavailable)
SInv    .            (boots unavailable)
Will    .....        i - amulet of regeneration Stlth
                     h - ring of Polytheism {Fly rC+ Int+4 Dex+3}
HPRegen 2.05/turn    j - ring "Kyreav" {rN+ Int+3 Stlth+}
MPRegen 0.11/turn

%: no teleportation
@: berserking, flying, contaminated, glowing, very quick
A: large, unfitting armour, claws 3, regeneration 1, shaggy fur 1, tough skin 1,
poison resistance, weak 1, cold vulnerability 1
a: Renounce Religion, Berserk, Trog's Hand, Brothers in Arms


You were in the Dungeon.
You worshipped Trog.
Trog was extremely pleased with you.
You visited 1 branch You collected 984 gold pieces.
You spent 944 gold pieces at shops.

Inventory:

Armour
 a - a +0 animal skin (worn)
Jewellery
 h - the ring of Polytheism (left claw) {Fly rC+ Int+4 Dex+3}
   (You bought it in a shop in the Dungeon)

   [ring of flight]

   Int:       It affects your intelligence (+4).
   Dex:       It affects your dexterity (+3).
   rC:        It protects you from cold.
   Fly:       It grants you flight.
 i - an amulet of regeneration (around neck)
 j - the ring "Kyreav" (right claw) {rN+ Int+3 Stlth+}
   (You found it in the Dungeon)

   [ring of positive energy]

   Int:       It affects your intelligence (+3).
   rN:        It protects you from negative energy.
   Stlth:     It makes you more stealthy.
Potions
 b - a potion of curing
 c - a potion of heal wounds
 d - a potion of haste
 e - 2 potions of magic
 f - a potion of berserk rage


   Skills:
 + Level 9.8 Fighting
 + Level 9.6 Dodging
 + Level 13.3 Unarmed Combat


You had 8 spell levels left.
You didn't know any spells.
Your spell library was empty.

Dungeon Overview and Level Annotations

Branches:
Dungeon (1/1)

Altars:
Gozag
Makhleb
Nemelex Xobeh
Okawaru
Trog
Uskayaw
Vehumet

Shops:
D :!=[?(?(=![(:[==

Annotations:
D exclusions: obsidian statue and oklob plant, Roxanne


Innate Abilities, Weirdness & Mutations

You are too large for most types of armour.
You have claws for hands.
Your natural rate of healing is unusually fast.
You are covered in fur. (AC +1)
You have tough skin. (AC +1)
Your system is resistant to poisons. (rPois)
You are weak. (Str -2)
You are vulnerable to cold. (rC-)


Message History

You eviscerate the lava snake!!!
You kill the lava snake!
Trog accepts your kill.
You are engulfed in blazing flames.
* * * LOW HITPOINT WARNING * * *
The lava snake bites you.
* * * LOW HITPOINT WARNING * * *
You are engulfed in flames.
* * * LOW HITPOINT WARNING * * *
The lava snake bites you.
* * * LOW HITPOINT WARNING * * *
You are engulfed in flames.
* * * LOW HITPOINT WARNING * * *
You have reached level 9!
Your experience leads to an increase in your attributes!
Your base attributes are Str 28, Int 3, Dex 9.
Increase (S)trength, (I)ntelligence, or (D)exterity?
You feel stronger. x3
Unknown command.
Unknown command.
You miss the lava snake. Your claw misses the lava snake.
You are engulfed in blazing flames.
* * * LOW HITPOINT WARNING * * *
Unknown command.
You claw the lava snake!
The lava snake is almost dead.
You are engulfed in blazing flames.
* * * LOW HITPOINT WARNING * * *
The lava snake bites you.
* * * LOW HITPOINT WARNING * * *
You are engulfed in flames.
* * * LOW HITPOINT WARNING * * *
The lava snake bites you.
* * * LOW HITPOINT WARNING * * *
You are engulfed in flames.
* * * LOW HITPOINT WARNING * * *
You barely miss the lava snake.
The lava snake is almost dead.
You are engulfed in blazing flames.
You die...

#▓▓▓▓▓▓▓###~##.###'###.##...
##)!.######~~####†#.####~~..
#(.s#?$+ ##~~~#..#..#~~~§~~
#∩PF+!Y#+ #†#~###.###~~~~~~
#[.s#?##≈##.#~~##+##~~~≈≈≈~
#)$F###≈≈≈####~~~~~~~~~~§§≈
##+ ##≈≈°≈°# #+++#+++#~≈§§§
|##°°☼S°###§§§§§§≈##≈≈§#
###≈°°S@##≈§§§§≈§≈≈##§≈#
9#+°≈°§○+≈§§§§§§≈≈≈§'§≈#
#○°§§○##§§§≈≈§§§≈##≈≈≈
#§°§≈≈###≈§§≈≈§≈######
#°°°≈≈# ####§####≈§≈≈≈
##○≈○##....#####≈≈≈○≈§
##○##∩.......+§○≈○≈8≈ ##
########.##≈≈≈≈≈≈ ).
ooo#..##≈°≈≈°


You could see a death yak, a toenail golem, 2 cane toads, 2 redbacks and 2 lava
snakes.

Vanquished Creatures
  An orange crystal statue (D)
  A merfolk siren (D)
  2 wyverns (D)
  A vampire mosquito (D)
  Menkaure (D)
  A water moccasin (D)
  4 scorpions (D)
  4 necrophages (D)
  2 lava snakes (D)
17 creatures vanquished.

Notes
Turn   | Place    | Note
-------+----------+-------------------------------------------
     0 | D        | sircluck the Troll Berserker began the quest for the Orb.
     0 | D        | Reached XP level 1. HP: 22/22 MP: 0/0
     1 | D        | Noticed a necrophage
     1 | D        | Noticed a necrophage
     1 | D        | Noticed a necrophage
     1 | D        | Noticed a necrophage
     5 | D        | Killed a necrophage
     6 | D        | Reached skill level 5 in Unarmed Combat
     6 | D        | Reached XP level 2. HP: 33/33 MP: 1/1
     6 | D        | Reached XP level 3. HP: 40/40 MP: 2/2
     9 | D        | Killed a necrophage
    10 | D        | Reached skill level 5 in Fighting
    10 | D        | Reached skill level 5 in Dodging
    10 | D        | Reached skill level 6 in Unarmed Combat
    10 | D        | Reached XP level 4. HP: 50/50 MP: 3/3
    17 | D        | Killed a necrophage
    17 | D        | Reached ** piety under Trog
    18 | D        | Reached skill level 7 in Unarmed Combat
    18 | D        | Reached XP level 5. HP: 59/59 MP: 4/4
    59 | D        | Noticed a wyvern
    59 | D        | Noticed a wyvern
    62 | D        | Killed a wyvern
    63 | D        | Reached skill level 8 in Unarmed Combat
    63 | D        | Reached XP level 6. HP: 71/71 MP: 5/5
    65 | D        | Killed a wyvern
    66 | D        | Reached skill level 9 in Unarmed Combat
    66 | D        | Reached XP level 7. HP: 79/79 MP: 6/6
   108 | D        | Reached *** piety under Trog
   110 | D        | Reached skill level 10 in Unarmed Combat
   126 | D        | Noticed a merfolk siren
   132 | D        | Killed a merfolk siren
   132 | D        | Reached **** piety under Trog
   133 | D        | Reached skill level 11 in Unarmed Combat
   133 | D        | Reached XP level 8. HP: 67/91 MP: 7/7
   174 | D        | Found Cytecah's Jewellery Shop.
   174 | D        | Found Wyimm's Weapon Boutique.
   174 | D        | Found Iddaga Buli's Antique Armour Shop.
   174 | D        | Found Bivumaez's Antique Weapon Shop.
   174 | D        | Found Hibbil's Distillery.
   174 | D        | Found Wall's Magic Scroll Boutique.
   175 | D        | Found Vurphekhee's Weapon Boutique.
   175 | D        | Found Efad's Magic Scroll Shop.
   175 | D        | Found Kutz's Antique Armour Boutique.
   175 | D        | Found Umohiski's Book Shop.
   176 | D        | Found Civvoxy's Jewellery Shop.
   176 | D        | Found Betzengoforph's Distillery.
   176 | D        | Noticed a cane toad
   177 | D        | Found Owenow's Armour Boutique.
   177 | D        | Found Buoniter's Jewellery Shop.
   177 | D        | Noticed Menkaure
   186 | D        | Killed Menkaure
   193 | D        | Identified Roxanne's Reference Book on Configuration
   193 | D        | Noticed Roxanne
   222 | D        | Noticed an orange crystal statue
   238 | D        | Reached ***** piety under Trog
   239 | D        | Reached skill level 12 in Unarmed Combat
   250 | D        | Noticed a cane toad
   250 | D        | Noticed an oklob plant
   251 | D        | Found Viretymn's Book Shoppe.
   273 | D        | Bought the ring of Polytheism {Fly rC+ Int+4 Dex+3} for 554
                  | gold pieces
   276 | D        | Bought an amulet of regeneration for 390 gold pieces
   324 | D        | Gained mutation: Your system is resistant to poisons.
                  | (rPois) [mutagenic glow]
   336 | D        | Noticed an obsidian statue
   340 | D        | Found an iron altar of Okawaru.
   341 | D        | Found a sparkling altar of Nemelex Xobeh.
   342 | D        | Found an opulent altar of Gozag.
   342 | D        | Found a radiant altar of Vehumet.
   342 | D        | Found a burning altar of Makhleb.
   342 | D        | Found a hide-covered altar of Uskayaw.
   342 | D        | Found a bloodstained altar of Trog.
   345 | D        | Identified the ring "Kyreav" {rN+ Int+3 Stlth+}
   365 | D        | Killed an orange crystal statue
   365 | D        | Gained mutation: You are weak. (Str -2) [mutagenic glow]
   366 | D        | Reached skill level 13 in Unarmed Combat
   369 | D        | Found Cego's Jewellery Boutique.
   377 | D        | Noticed a death yak
   377 | D        | Noticed a toenail golem
   378 | D        | Gained mutation: You are vulnerable to cold. (rC-)
                  | [mutagenic glow]
   383 | D        | Reached XP level 9. HP: 29/101 MP: 1/8
   384 | D        | HP: 7/151 [lava snake (3)]
   385 | D        | Engulfed by a cloud of flame

Illustrated notes

Levels and vault maps discovered:
D:        the_violet_keep_of_menkaure [sprint2_stairs_cluster_1,
          sprint2_shoproom, sprint2_temple, sprint2_basic_supplies,
          sprint2_obstacle_4, sprint2_obstacle_3, sprint2_obstacle_6,
          sprint2_obstacle_5, sprint2_obstacle_2, sprint2_timed_cluster_1,
          sprint2_smallroom_cluster_1, sprint2_smallroom_final_cluster_1,
          sprint2_transparent_cluster_1, sprint2_second_timed_cluster_1,
          sprint2_sniper_area_1, sprint2_heavy_combat_area_1,
          sprint2_mutation_trap_area_1, sprint2_forest_area_1,
          sprint2_light_combat_area_1, sprint2_behind_water_1,
          sprint2_near_end_vault_1]

Skill      XL: |  1  2  3  4  5  6  7  8 |
---------------+-------------------------+-----
Fighting       | 4 5 7 8 9 |  9.8
Dodging        | 4 5 7 8 9 |  9.6
Unarmed Combat | 5 6 7 8 9 11 13 | 13.3

Action                     |  1- 3 |  4- 6 |  7- 9 || total
---------------------------+-------+-------+-------++-------
  Melee: Unarmed           |     6 |    17 |    48 ||    71
         Punch             |       |       |     3 ||     3
 Invoke: Berserk           |     1 |     1 |     1 ||     3
    Use: Scroll            |       |       |     1 ||     1
 Armour: Animal skin       |     1 |     4 |     7 ||    12
  Dodge: Dodged            |       |     7 |    20 ||    27

Table legend: (Time is in decaauts)
 A = Elapsed time spent in this place.
 B = Non-inter-level travel time spent in this place.
 C = Inter-level travel time spent in this place.
 D = Time resting spent in this place.
 E = Time spent auto-exploring this place.
 F = Levels seen in this place.
 G = Mean time per level.
                   A        B        C        D        E       F      G
               +--------+--------+--------+--------+--------+-----+--------+
         Total |    383 |    339 |     44 |     79 |     15 |   1 |  383.0 |
       Dungeon |    383 |    339 |     44 |     79 |     15 |   1 |  383.0 |
               +--------+--------+--------+--------+--------+-----+--------+

Top non-repeatable levels by time:
       D: 383 daAuts
